 Dungeon Crawl Stone Soup version 0.19-a0-1907-gcff654f (webtiles) character file.

966 dobroeutro the Archer (level 7, -6/64 HPs)
             Began as a Centaur Hunter on Oct 21, 2016.
             Shot with an arrow by a centaur (13 damage)
             ... on level 5 of the Dungeon.
             The game lasted 00:07:32 (5458 turns).

dobroeutro the Archer (Centaur Hunter)              Turns: 5458, Time: 00:07:32

Health: -6/64      AC:  5    Str: 15    XL:     7   Next: 93%
Magic:  7/7        EV:  9    Int: 10    God:
Gold:   224        SH:  0    Dex: 11    Spells: 0 memorised, 6 levels left

rFire  . . .     SeeInvis .     a - +1 shortbow
rCold  + . .     Gourm    .     c - +0 leather armour
rNeg   . . .     Faith    .     (shield currently unavailable)
rPois  +         Spirit   .     (no helmet)
rElec  .         Reflect  .     j - +0 cloak
rCorr  .         Harm     .     (no gloves)
MR     .....                    (no barding)
Stlth  +.........               (no amulet)
                                m - ring of protection from cold
                                k - ring of poison resistance

@: very quick
A: hooves 3, deformed body, speed 2, tough skin 3
a: no special abilities


You were on level 5 of the Dungeon.
You were not hungry.

You visited 1 branch of the dungeon, and saw 5 of its levels.

You collected 224 gold pieces.

Inventory:

Hand Weapons
 a - a +1 shortbow (weapon)
 b - a +0 short sword
Missiles
 d - 56 arrows (quivered)
Armour
 c - a +0 leather armour (worn)
 j - a +0 cloak (worn)
Jewellery
 k - a ring of poison resistance (left hand)
 m - a ring of protection from cold (right hand)
Wands
 B - a wand of flame (4/48)
Scrolls
 e - 4 scrolls of identify {unknown}
 g - a scroll of teleportation {unknown}
 i - a scroll of recharging {unknown}
 n - a scroll of random uselessness {unknown}
 p - a scroll of remove curse {unknown}
 q - 2 scrolls of amnesia {unknown}
 s - a scroll of magic mapping {unknown}
 u - 3 scrolls of fear {unknown}
 w - a scroll of enchant weapon {unknown}
 y - a scroll of enchant armour {unknown}
Potions
 h - a potion of curing {unknown}
 l - 2 potions of might {unknown}
 r - a potion of resistance {unknown}
 x - a potion of haste {unknown}
 z - a potion of cancellation {unknown}
 C - a potion of mutation {unknown}
Comestibles
 f - 3 bread rations
 o - 4 fruits
 t - a meat ration
 v - 2 slices of pizza
 A - 3 beef jerkies


   Skills:
 + Level 6.5 Fighting
 + Level 10.1 Bows
 - Level 1.3 Dodging
 - Level 0.4 Stealth


You had 6 spell levels left.
You didn't know any spells.

Dungeon Overview and Level Annotations

Branches:
Dungeon (5/15)
 Temple: D:4-7

Altars:

Annotations:
D:4 Menkaure


Innate Abilities, Weirdness & Mutations

You have hooves in place of feet.
Armour fits poorly on your strangely shaped body.
You cover ground very quickly.
You have extremely tough skin. (AC +3)


Message History

Aim: a centaur, wielding a shortbow (lightly wounded)
You shoot an arrow. The arrow barely misses the centaur.
The centaur shoots an arrow.
The arrow hits you.
Firing (i - inventory):
d - 57 arrows (quivered)
Press: ? - help, Shift-Dir - straight line, f/p - centaur
Aim: a centaur, wielding a shortbow (lightly wounded)
You shoot an arrow. The arrow hits the centaur.
The centaur is moderately wounded.
The centaur shoots an arrow.
The arrow hits you!
* * * LOW HITPOINT WARNING * * *
You start resting.
The centaur shoots an arrow.
The arrow closely misses you.
You see here an arrow.
The centaur shoots an arrow.
The arrow hits you!
* * * LOW HITPOINT WARNING * * *
The centaur shoots an arrow.
The arrow hits you!
* * * LOW HITPOINT WARNING * * *
You see here an arrow.
The centaur shoots an arrow.
The arrow hits you!
You die...

##(## #..# # #..#
#..#### #
##.#####.....#### #
#..##..........# #
##.##..........# #
#..#..........# #
##c#..........# #
#............# #
##.###@##'#### .. #
#..##.##.######.... #
####.##.##.##........
#.......##.##.###....
#.###.#.#............
#.......#####.#######
#..##...# #.#
#......># #.#
###...#.#.# #.#


You could see a centaur.

Vanquished Creatures
  5 ogres
  2 scorpions (D:3)
  A crimson imp (D:5)
  2 hounds (D:4)
  An orc priest (D:5)
  A centaur skeleton (D:4)
  Ijyb (D:2)
  4 worker ants
  3 adders
  A shadow imp (D:5)
  3 oozes
  2 adder skeletons (D:4)
  A worm (D:3)
  3 dart slugs
  5 leopard geckos
  6 orcs
  2 ball pythons
  5 giant cockroaches
  13 goblins
  11 hobgoblins
  9 jackals
  2 quokkas
  9 bats
  7 frilled lizards
  A jackal skeleton (D:4)
  4 kobolds
  A quokka skeleton (D:4)
  10 rats
115 creatures vanquished.

Notes
Turn   | Place    | Note
-------+----------+-------------------------------------------
     0 | D:1      | dobroeutro the Centaur Hunter began the quest for the Orb.
     0 | D:1      | Reached XP level 1. HP: 17/17 MP: 1/1
   198 | D:1      | Reached XP level 2. HP: 20/25 MP: 2/2
   645 | D:1      | Reached skill level 6 in Bows
   810 | D:2      | Reached XP level 3. HP: 28/30 MP: 3/3
  1559 | D:2      | Reached XP level 4. HP: 15/38 MP: 4/4
  1901 | D:2      | Noticed Ijyb
  1964 | D:2      | Killed Ijyb
  1964 | D:2      | Reached skill level 7 in Bows
  3074 | D:3      | Noticed an ogre
  3084 | D:3      | HP: 2/40 [ogre/giant club (18)]
  3090 | D:3      | Killed an ogre
  3090 | D:3      | Reached XP level 5. HP: 3/46 MP: 5/5
  3469 | D:3      | Noticed an ogre
  3474 | D:3      | Killed an ogre
  3474 | D:3      | Reached skill level 8 in Bows
  3474 | D:3      | Reached XP level 6. HP: 51/53 MP: 6/6
  3901 | D:4      | Noticed Menkaure
  3984 | D:3      | Reached skill level 5 in Fighting
  4110 | D:4      | Reached skill level 9 in Bows
  4110 | D:4      | Reached XP level 7. HP: 58/61 MP: 7/7
  4887 | D:5      | Entered Level 5 of the Dungeon
  4961 | D:5      | Reached skill level 10 in Bows
  5458 | D:5      | Shot with an arrow by a centaur

Vault maps used:
D:1:      arrival_zaba_pyramid
D:2:      kennysheep_goblin_castle
D:4:      uniq_menkaure
D:5:      first_bread

Skill      XL: |  1  2  3  4  5  6  7 |
---------------+----------------------+-----
Bows           | 6 7 8 9 10 | 10.1
Fighting       | 3 4 5 6 |  6.5
Dodging        | |  1.3
Stealth        | |  0.4

Action                   |  1- 3 |  4- 6 |  7- 9 || total
-------------------------+-------+-------+-------++-------
Melee: Short sword       |   169 |   194 |    78 ||   441
       Kick              |    26 |    39 |    18 ||    83
 Fire: Shortbow          |       |    50 |    84 ||   134
  Eat: Chunk             |     1 |     7 |     2 ||    10
       Bread ration      |       |       |     1 ||     1
Armor: Leather armour    |    76 |    96 |    36 ||   208
Dodge: Dodged            |    95 |   127 |    54 ||   276
